 Dungeon Crawl Stone Soup version 0.28.0-45-g0d030f2227 (console) character file.

Game seed: 10070208949313062790

95442 Zeor the Severer (level 15, -2/148 HPs)
             Began as a Deep Dwarf Berserker on Apr 2, 2022.
             Was a High Priest of Trog.
             Killed from afar by a deep elf pyromancer (24 damage)
             ... with a bolt of fire
             ... on level 1 of the Elven Halls.
             The game lasted 01:26:57 (18059 turns).

Zeor the Severer (Deep Dwarf Berserker)            Turns: 18059, Time: 01:26:58

Health: -2/148     AC: 25    Str: 28    XL:     15   Next: 66%
Magic:  0/0        EV:  9    Int:  8    God:    Trog [*****.]
Gold:   1703       SH: 16    Dex: 12    Spells: 14/14 levels left

rFire   . . .      SeeInvis .   W - +2 broad axe (antimagic)
rCold   . . .      Faith    +   c - +3 kite shield
rNeg    + . .      Spirit   .   H - +2 plate armour {rPois}
rPois   +          Reflect  .   e - +0 helmet
rElec   .          Harm     .   v - +0 cloak {Stlth+}
rCorr   .          Rampage  .   B - +1 pair of gloves
Will    +++..                   I - +0 pair of boots
Stlth   ..........              Z - amulet of faith
HPRegen 0.00/turn               Q - ring of willpower
MPRegen 0.07/turn               i - +4 ring of slaying

@: on berserk cooldown, slowed, very slow
A: damage resistance, heal wounds, negative energy resistance 1, sense
surroundings 2, no regeneration
a: Heal Wounds, Renounce Religion, Berserk, Trog's Hand, Brothers in Arms


You were on level 1 of the Elven Halls.
You worshipped Trog.
Trog was extremely pleased with you.
You visited 4 branches of the dungeon, and saw 22 of its levels.

You collected 2372 gold pieces.
You spent 669 gold pieces at shops.

Inventory:

Hand Weapons
 a - a +1 vampiric war axe
 b - the +6 broad axe "Lixosaf" {elec, rF- rC+ Int+5 Dex+3}
   (You acquired it on level 3 of the Lair of Beasts)

   It occasionally discharges a powerful burst of electricity upon striking a
   foe.
   Int:       It affects your intelligence (+5).
   Dex:       It affects your dexterity (+3).
   rF:        It makes you vulnerable to fire.
   rC:        It protects you from cold.
 q - a +0 spectral war axe
 s - a +2 vorpal broad axe
 J - a +0 hand crossbow
 W - a +2 antimagic broad axe (weapon)
Missiles
 g - 5 atropa-tipped darts
 h - 34 poisoned darts
 l - 103 bolts
 r - 3 throwing nets (quivered)
 y - 12 javelins
 T - 3 curare-tipped darts
Armour
 c - a +3 kite shield (worn)
 d - a +0 scale mail of cold resistance
 e - a +0 helmet (worn)
 f - a +1 plate armour of fire resistance
 v - a +0 cloak of stealth (worn)
 B - a +1 pair of gloves (worn)
 H - a +2 plate armour of poison resistance (worn)
 I - a +0 pair of boots (worn)
Jewellery
 i - a +4 ring of slaying (right hand)
 w - a ring of protection from cold
 z - a ring of positive energy
 C - a ring of flight
 E - a ring of protection from cold
 Q - a ring of willpower (left hand)
 X - a ring of resist corrosion
 Y - the ring "Seojim" {rF+ MP+9}
   (You found it on level 6 of the Lair of Beasts)

   [ring of magical power]

   rF:        It protects you from fire.
   MP:        It affects your magic capacity (+9).
 Z - an amulet of faith (around neck)
Wands
 x - a wand of flame (35)
 F - a wand of iceblast (9)
 N - a wand of acid (11)
 R - a wand of digging (4)
 V - a wand of mindburst (21)
Scrolls
 j - 4 scrolls of teleportation
 o - a scroll of silence
 t - a scroll of fog
 O - 5 scrolls of identify
 P - 2 scrolls of immolation
 S - a scroll of fear
Potions
 k - 8 potions of curing
 m - 4 potions of mutation
 n - 7 potions of haste
 p - 5 potions of flight
 u - 3 potions of cancellation
 A - a potion of ambrosia
 D - a potion of magic
 G - a potion of invisibility
 K - 2 potions of might
 L - 3 potions of resistance
 M - a potion of berserk rage


   Skills:
 * Level 13.2 Fighting
 + Level 17.2 Axes
 + Level 0.1 Throwing
 + Level 13.5 Armour
 + Level 4.8 Dodging
 + Level 3.0 Stealth
 + Level 15.8 Shields
 + Level 0.6 Unarmed Combat


You had 14 spell levels left.
You didn't know any spells.
Your spell library was empty.

Dungeon Overview and Level Annotations

Branches:
Dungeon (13/15)            Temple (0/1) D:5            Lair (6/6) D:11
  Swamp (0/4) Lair:2       Spider (0/4) Lair:3        Slime (0/5) Lair:6
    Orc (2/2) D:12            Elf (1/3) Orc:2
 Vaults: D:13-14

Altars:
Cheibriados
Gozag
Hepliaklqana
Nemelex Xobeh
Qazlal
Trog
Uskayaw
Zin
Jiyva

Shops:
Orc:2 [[(!

Annotations:
D:13 2 runed translucent doors, terff's ghost, journeyman MiFi
Lair:2 1 runed translucent door, TickTock's ghost, journeyman MiBe
Lair:6 1 runed translucent door


Innate Abilities, Weirdness & Mutations

You are resistant to damage.
You can heal yourself by infusing magical energy.
You resist negative energy. (rN+)
You passively map the area around you.
You do not regenerate.


Message History

You block the deep elf archer's attack.
Your troll closely misses the deep elf archer. x2
Your troll claws the deep elf archer!
The deep elf archer dies!
Trog accepts your kill.
Trog appreciates your killing of a magic user.
The deep elf knight falters for a moment.
Your troll barely misses the deep elf knight.
Your troll claws the deep elf knight but does no damage.
Your troll closely misses the deep elf knight. x2
Your troll barely misses the deep elf knight.
Your troll claws the deep elf knight!
You block the deep elf knight's attack.
Items here: ( )))))) [ ††.
Unknown command.
You slice the deep elf knight!!
You kill the deep elf knight!
Trog accepts your kill.
Trog appreciates your killing of a magic user.
Trog grants you a weapon! Something appears at your feet!
You see here a +2 war axe of flaming.
A bolt of lightning appears from out of your range of vision.
The bolt of lightning hits your troll!
A deep elf zephyrmancer comes into view.
It is wielding a +2 rapier of protection.
Your troll bites the deep elf zephyrmancer!
Your troll claws the deep elf zephyrmancer.
Your troll claws the deep elf zephyrmancer!
Found the Tome of the Escort and a book of Alchemy.
Your troll bites the deep elf zephyrmancer!
The deep elf zephyrmancer dies!
Trog accepts your kill.
Trog appreciates your killing of a magic user.
Your troll misses the deep elf pyromancer.
Your troll claws the deep elf pyromancer but does no damage.
Your troll claws the deep elf pyromancer.
Your troll bites the deep elf pyromancer!!
Your troll closely misses the deep elf pyromancer.
Your troll barely misses the deep elf pyromancer.
The deep elf pyromancer points at you and mumbles some strange words.
The bolt of fire hits your troll!! The bolt of fire hits you!!
You die...

░ ▒∙∙∙∙∙∙∙▒ ■
░▒■▒▒ ■∙∙∙∙∙∙∙▒ ░
∙∙∙∙▒■▒▒▒∙∙∙▒▒▒ ░
░ ∙∙∙∙∙▒∙▒▒∙∙∙∙▒░
░
∙∙∙∙[∙▒∙∙∙▒▒∙∙▒▒▒
░ · ∙∙∙∙∙∙∙∙∙▒▒
▒∙∙∙▒▒ ░·
∙=∙∙∙▒▒∙∙∙▒▒▒∙∙∙∙▒
· ∙∙∙
▒▒∙))▒∙∙∙∙∙▒▒ ░ ∙
▒)Tg∙∙!∙∙∙∙▒ ░ ░ ·
· ·░▒^e▒▒∙∙∙▒▒∙∙∙
░· · ··
∙∙∙∙▒○∙▒∙▒▒░ · ··
░ ·░ ·
∙∙∙∙∙∙░∙∞░∙▒ ░ · ·
░ ·∙∙∙▒▒∙∙▒▒ ∙∙░
·· ∙∙▒ ▒▒∙ · ∙∙∙ ·
░ ∙∙░ ▒ ░∙∙∙∙ ░ ·
░ ░·· ░░▒∞∙∙∙ ░ ·
░


You could see a deep elf pyromancer (ally target) and a friendly troll
(summoned, berserk).

Vanquished Creatures
  Jorgrun (Elf:1)
  Nessos (D:12)
  Josephine (Lair:4)
  A deep elf high priest (Elf:1)
  Harold (D:8)
  A rakshasa (D:8)
  A hydra (Lair:4)
  3 catoblepae (Lair:6)
  A boulder beetle (D:13)
  2 ogre magi
  13 two-headed ogres
  A deep troll shaman (Lair:6)
  3 orc high priests
  9 death yaks
  A tengu warrior (D:9)
  Nergalle (Lair:4)
  Sonja (Lair:4)
  2 deep elf knights (Elf:1)
  A deep troll (Orc:2)
  Pikel (D:5)
  A lindwurm (Lair:6)
  6 orc sorcerers
  10 deep elf zephyrmancers (Elf:1)
  A wolf spider (D:11)
  8 deep elf pyromancers
  4 ugly things
  3 orc knights
  6 cyclopes
  2 manticores
  2 black mambas
  7 elephants (Lair:6)
  Maurice (D:10)
  2 gargoyles
  A torpor snail (Lair:6)
  10 cane toads
  6 rime drakes
  2 kobold demonologists (D:9)
  2 unseen horrors
  9 komodo dragons
  A queen bee (Lair:1)
  4 polar bears
  13 trolls
  A tyrant leech (Lair:2)
  A meliai (shapeshifter) (D:13)
  2 slime creatures
  A raiju (shapeshifter) (D:9)
  24 blink frogs
  9 dream sheep
  A jumping spider (shapeshifter) (D:13)
  2 centaur simulacra (D:11)
  4 culicivoras (Lair:3)
  5 wraiths (Lair:4)
  9 wyverns
  25 yaks
  A fire elemental (Elf:1)
  2 basilisks
  3 steam dragons
  2 vampire mosquitoes (D:6)
  4 wargs
  7 water moccasins
  A swamp worm (Lair:2)
  2 acid dragons
  13 orc warriors
  A sky beast (D:8)
  4 black bears
  A necrophage (D:8)
  2 ice beasts
  21 ogres
  16 wolves
  8 centaurs
  2 phantoms
  18 bullfrogs
  A kobold brigand (D:8)
  2 wyvern zombies (D:8)
  2 gnoll sergeants
  2 earth elementals (Elf:1)
  2 water moccasin skeletons
  27 killer bees
  2 wights
  3 electric eels (D:11)
  4 howler monkeys
  7 jellies
  4 centaur zombies
  2 hounds
  12 orc priests
  7 iguanas
  3 gnoll shamans
  24 orc wizards
  A killer bee zombie (D:8)
  A howler monkey zombie (D:9)
  Robin (D:2)
  A howler monkey skeleton (D:5)
  9 gnolls
  5 adders
  A shadow imp (D:6)
  4 white imps
  An ufetubus (D:11)
  2 worms
  2 dart slugs
  72 orcs
  5 ball pythons
  10 endoplasms
  3 giant cockroaches
  22 goblins
  10 hobgoblins
  3 jackals (D:1)
  20 kobolds
  7 quokkas
  6 bats
  5 frilled lizards
  3 rats
637 creatures vanquished.

Vanquished Creatures (collateral kills)
  6 hydras
  A deep troll (Orc:2)
  A deep elf archer (Elf:1)
  A deep elf zephyrmancer (Elf:1)
  A cane toad (Lair:1)
  A troll (Orc:2)
  A slime creature (D:12)
  2 shadows
  Eustachio (D:5)
  4 yaks
  An acid dragon (D:8)
  4 water moccasins
  2 orc warriors
  A necrophage (D:5)
  A wolf (Lair:1)
  A centaur (D:9)
  2 kobold brigands
  A bullfrog (Lair:2)
  A water moccasin skeleton (D:5)
  3 killer bees (Lair:1)
  A howler monkey (D:9)
  A centaur zombie (D:9)
  2 orc wizards
  4 gnolls (D:5)
  2 orcs
46 creatures vanquished.

Vanquished Creatures (others)
  A hound (D:11)
  2 orc wizards
  A bush (Lair:6)
  13 fungi
  29 plants
46 creatures vanquished.

Grand Total: 729 creatures vanquished

Notes
Turn   | Place    | Note
-------+----------+-------------------------------------------
     0 | D:1      | Zeor the Deep Dwarf Berserker began the quest for the Orb.
     0 | D:1      | Reached XP level 1. HP: 20/20 MP: 1/1
   122 | D:1      | Reached XP level 2. HP: 16/27 MP: 2/2
   145 | D:1      | Found a faded altar of an unknown god.
   347 | D:1      | Reached skill level 4 in Axes
   448 | D:1      | Reached ** piety under Trog
   452 | D:1      | Reached XP level 3. HP: 17/34 MP: 3/3
   827 | D:2      | Reached XP level 4. HP: 42/42 MP: 4/4
   931 | D:2      | Reached skill level 5 in Axes
  1153 | D:2      | Reached *** piety under Trog
  1178 | D:2      | Reached XP level 5. HP: 43/49 MP: 5/5
  1179 | D:2      | Noticed Robin
  1194 | D:2      | Killed Robin
  1526 | D:3      | Reached skill level 6 in Axes
  1908 | D:3      | Found a glowing silver altar of Zin.
  2114 | D:4      | Reached XP level 6. HP: 51/56 MP: 6/6
  2132 | D:4      | Reached **** piety under Trog
  2182 | D:4      | Found a hazy altar of Hepliaklqana.
  2284 | D:4      | Reached skill level 7 in Axes
  2773 | D:5      | Entered Level 5 of the Dungeon
  2794 | D:5      | Noticed Eustachio
  2828 | D:5      | Killed Eustachio
  2829 | D:5      | Reached XP level 7. HP: 33/63 MP: 7/7
  2893 | D:5      | Found a staircase to the Ecumenical Temple.
  3063 | D:5      | Reached skill level 8 in Axes
  3227 | D:5      | Noticed Pikel
  3235 | D:5      | Killed Pikel
  3236 | D:5      | Reached skill level 9 in Axes
  3236 | D:5      | Reached XP level 8. HP: 69/72 MP: 8/8
  3397 | D:5      | Reached skill level 5 in Armour
  3599 | D:5      | Found a stormy altar of Qazlal.
  3599 | D:5      | Found an opulent altar of Gozag.
  3902 | D:6      | Reached skill level 10 in Axes
  3904 | D:6      | Gained mutation: You passively map the area around you.
                  | [Deep Dwarf growth]
  3904 | D:6      | Reached XP level 9. HP: 79/79 MP: 8/8
  4350 | D:6      | Found a bloodstained altar of Trog.
  4458 | D:6      | Found a snail-covered altar of Cheibriados.
  4876 | D:7      | Reached skill level 11 in Axes
  4876 | D:7      | Reached skill level 5 in Shields
  4921 | D:7      | Found a hide-covered altar of Uskayaw.
  5312 | D:8      | Reached skill level 5 in Fighting
  5486 | D:8      | Reached XP level 10. HP: 79/88 MP: 6/6
  5611 | D:8      | Noticed Harold
  5618 | D:8      | Reached skill level 12 in Axes
  5639 | D:8      | Killed Harold
  5690 | D:8      | Reached ***** piety under Trog
  6301 | D:8      | Noticed an eight-headed hydra
  6311 | D:8      | Killed an eight-headed hydra
  6312 | D:8      | Reached skill level 13 in Axes
  6322 | D:8      | Noticed a rakshasa
  6335 | D:8      | Killed a rakshasa
  6336 | D:8      | Reached skill level 1 in Stealth
  6546 | D:8      | Noticed a two-headed ogre
  6552 | D:8      | Killed a two-headed ogre
  6553 | D:8      | Reached XP level 11. HP: 97/97 MP: 4/4
  6830 | D:9      | Noticed an orc sorcerer
  6843 | D:9      | Killed an orc sorcerer
  6844 | D:9      | Reached skill level 14 in Axes
  6910 | D:9      | Noticed an orc sorcerer
  6928 | D:9      | Killed an orc sorcerer
  7119 | D:9      | Noticed a seven-headed hydra
  7119 | D:9      | Noticed a two-headed ogre
  7129 | D:9      | Killed a two-headed ogre
  7136 | D:9      | Killed an eight-headed hydra
  7164 | D:9      | Noticed a tengu warrior
  7179 | D:9      | Killed a tengu warrior
  7224 | D:9      | Noticed a four-headed hydra
  7244 | D:9      | Killed a four-headed hydra
  7245 | D:9      | Reached skill level 10 in Shields
  7273 | D:9      | Noticed a cyan ugly thing
  7287 | D:9      | Killed a cyan ugly thing
  7288 | D:9      | Noticed a cyan ugly thing
  7294 | D:9      | Reached XP level 12. HP: 76/106 MP: 3/3
  7296 | D:9      | Noticed a seven-headed hydra
  7328 | D:10     | Entered Level 10 of the Dungeon
  7364 | D:10     | Noticed a two-headed ogre
  7376 | D:10     | Killed a two-headed ogre
  7377 | D:10     | Reached skill level 10 in Armour
  7490 | D:10     | Noticed Maurice
  7518 | D:10     | Killed Maurice
  7603 | D:10     | Found a viscous altar of Jiyva.
  8013 | D:11     | Noticed an eight-headed hydra
  8157 | D:11     | Found a staircase to the Lair.
  8163 | D:11     | Noticed a two-headed ogre
  8182 | D:11     | Killed a two-headed ogre
  8238 | Lair:1   | Entered Level 1 of the Lair of Beasts
  9057 | Lair:2   | Noticed a six-headed hydra
  9066 | Lair:2   | Killed a six-headed hydra
  9351 | Lair:2   | Reached XP level 13. HP: 76/117 MP: 2/2
  9530 | Lair:2   | Found a staircase to the Swamp.
  9686 | Lair:2   | Found a runed translucent door.
  9686 | Lair:2   | Noticed TickTock's ghost (journeyman MiBe)
 10392 | Lair:3   | Reached skill level 15 in Axes
 10469 | Lair:3   | Found a hole to the Spider Nest.
 10535 | Lair:3   | Identified a scroll of acquirement
 10535 | Lair:3   | Acquired the +6 broad axe "Lixosaf" {elec, rF- rC+ Int+5
                  | Dex+3}
 11262 | Lair:4   | Noticed Josephine
 11271 | Lair:4   | Killed Josephine
 11337 | Lair:4   | Noticed Nergalle
 11362 | Lair:4   | Killed Nergalle
 11495 | Lair:4   | Noticed Sonja
 11516 | Lair:4   | Killed Sonja
 12312 | Lair:6   | Entered Level 6 of the Lair of Beasts
 12389 | Lair:6   | Received a gift from Trog
 12721 | Lair:6   | Gained mutation: You resist negative energy. (rN+) [Deep
                  | Dwarf growth]
 12721 | Lair:6   | Reached XP level 14. HP: 101/130 MP: 1/1
 12736 | Lair:6   | Reached skill level 16 in Axes
 12960 | Lair:6   | Found a runed translucent door.
 12964 | Lair:6   | Found a viscous altar of Jiyva.
 12965 | Lair:6   | Found a staircase to the Slime Pits.
 12965 | Lair:6   | Noticed an azure jelly
 13084 | Lair:6   | Reached skill level 10 in Fighting
 13276 | Lair:6   | Identified the ring "Seojim" {rF+ MP+9}
 13724 | Lair:6   | Upgraded the game from 0.28.0-43-g3370ac3207 to
                  | 0.28.0-45-g0d030f2227
 14179 | D:11     | Found a sparkling altar of Nemelex Xobeh.
 14446 | D:11     | HP: 1/133 [nine-headed hydra (8)]
 14588 | D:12     | Noticed Nessos
 14610 | D:12     | Killed Nessos
 15079 | D:12     | Found a staircase to the Orcish Mines.
 15696 | Orc:1    | Entered Level 1 of the Orcish Mines
 16067 | Orc:2    | Entered Level 2 of the Orcish Mines
 16075 | Orc:2    | Reached skill level 15 in Shields
 16146 | Orc:2    | Found a staircase to the Elven Halls.
 16406 | Orc:1    | Reached XP level 15. HP: 54/144 MP: 1/1
 16747 | Orc:2    | Found Futh's Armour Shoppe.
 16750 | Orc:2    | Found Pefabifo's Antique Armour Shop.
 16752 | Orc:2    | Found Pepikkug's Weapon Shop.
 16786 | Orc:2    | Found Miocrum's Distillery.
 16808 | Orc:2    | Bought an embroidered cloak for 240 gold pieces
 16826 | Orc:2    | Bought a potion of haste for 130 gold pieces
 16826 | Orc:2    | Bought a potion of might for 52 gold pieces
 16826 | Orc:2    | Bought a potion of curing for 39 gold pieces
 16826 | Orc:2    | Bought a potion of ambrosia for 104 gold pieces
 16826 | Orc:2    | Bought a potion of invisibility for 104 gold pieces
 17172 | D:13     | Found a large runed translucent door.
 17172 | D:13     | Found a large runed translucent door.
 17699 | D:13     | Noticed terff's ghost (journeyman MiFi)
 17769 | Elf:1    | Entered Level 1 of the Elven Halls
 17782 | Elf:1    | Received a gift from Trog
 17860 | Elf:1    | Reached ****** piety under Trog
 18005 | Elf:1    | Noticed Jorgrun
 18024 | Elf:1    | Killed Jorgrun
 18025 | Elf:1    | Reached skill level 17 in Axes
 18057 | Elf:1    | Received a gift from Trog
 18059 | Elf:1    | Killed from afar by a deep elf pyromancer

Illustrated notes

Levels and vault maps discovered:
D:1:      pf_arrival_petrified_forest, layout_loops_ring,
          ebering_ecumenical_altar_petrified
D:2:      layout_basic, hangedman_decor_riveting, uniq_robin
D:3:      layout_rooms, zin_statuary, grunt_ministairs_10
D:4:      layout_loops_ring, mainiacjoe_overflow_chevrons
D:5:      layout_loops_ring, gammafunk_temple_overflow_elements,
          minmay_temple_entry_proselytizer, uniq_eustachio, uniq_pikel
D:6:      layout_basic, mainiacjoe_overflow_surrounded_room,
          mainiacjoe_overflow_concentric_impassable
D:7:      layout_loops_ring, mainiacjoe_overflow_paths
D:8:      nzn_winding_woodlands_stair_cross [nzn_winding_woodlands_5x15_twine,
          nzn_winding_woodlands_center_lodge, nzn_winding_woodlands_5x15_eye,
          nzn_winding_woodlands_5x5_checkerboard,
          nzn_winding_woodlands_5x5_three, nzn_winding_woodlands_5x15_garden,
          nzn_winding_woodlands_center_pierced_h,
          nzn_winding_woodlands_5x15_cabin], layout_loops_ring, uniq_joseph,
          uniq_harold
D:9:      minmay_the_grid_3x3 [minmay_the_grid_tri_star,
          minmay_the_grid_stretched_grid, minmay_the_grid_empty,
          minmay_the_grid_eight, minmay_the_grid_rooms,
          minmay_the_grid_square_x, minmay_the_grid_mess, minmay_the_grid_slots,
          minmay_the_grid_prize_four_corners], layout_rooms, kennysheep_mini
D:10:     layout_basic, jiyva_altar_1, uniq_maurice
D:11:     layout_big_octagon, erik_lair_island, serial_ice, serial_ice_h,
          serial_ice_d, serial_ice_o, serial_ice_l, serial_ice_c, serial_ice_g,
          serial_ice_e, minmay_ruined_shrine
D:12:     layout_long_grid, erik_orc_3, uniq_nessos
D:13:     layout_long_grid, ebering_ghost_disaster_area
Lair:1:   layout_gridlike, special_room [special_room_bee], lemuel_fruit_tree,
          infiniplex_staircase_pool_2, lemuel_fruit_fields
Lair:2:   layout_cave_pods, minmay_swamp_entry_worms, gammafunk_ghost_grave,
          grunt_megastairs_1
Lair:3:   layout_cave_shapes, hellmonk_spider_entry_life_and_decay
Lair:4:   layout_roguey, minivault_27, uniq_sonja, uniq_josephine, uniq_nergalle
Lair:5:   layout_long_grid
Lair:6:   grunt_lair_end_beastmaster, layout_regular_city, slime_altar_2,
          grunt_megastairs_3
Orc:1:    layout_caves, serial_shops
Orc:2:    st_orc_open, layout_caves, guppyfry_orc_lava_fort
Elf:1:    nicolae_elf_arrival_no_cutting_in_line, layout_geoelf_octagon,
          serial_shops, nicolae_shop_stone,
          nicolae_shop_temple_entry_statues_fountains,
          nicolae_shop_window_shopping, minmay_elf_demonology, uniq_jorgrun

Skill      XL: |  1  2  3  4  5  6  7  8  9 10 11 12 13 14 15 |
---------------+----------------------------------------------+-----
Fighting       | 3 4 5 6 8 9 11 13 | 13.2
Axes           | 4 5 6 7 9 10 11 13 14 15 16 17 | 17.2
Armour         | 3 4 5 6 8 9 11 12 13 | 13.5
Dodging        | 3 4 |  4.8
Shields        | 2 3 5 7 10 12 14 15 | 15.8
Stealth        | 1 2 3 |  3.0
Throwing       | |  0.1
Unarmed Combat | |  0.6

Action                   |  1- 3 |  4- 6 |  7- 9 | 10-12 | 13-15 || total
-------------------------+-------+-------+-------+-------+-------++-------
Melee: Hand axe          |   108 |   210 |   250 |   674 |    33 ||  1275
       Punch             |       |     2 |       |       |       ||     2
       Unarmed           |       |    12 |       |       |       ||    12
       War axe           |       |       |   152 |       |  1003 ||  1155
       Broad axe         |       |       |       |       |   234 ||   234
Throw: Throwing net      |       |       |       |     1 |     1 ||     2
       Javelin           |       |       |       |       |     2 ||     2
Invok: Berserk           |     1 |     2 |     7 |    11 |    13 ||    34
       Brothers in Arms  |       |     1 |     2 |     8 |     7 ||    18
       Trog's Hand       |       |       |     1 |     4 |     3 ||     8
 Abil: Heal Wounds       |     2 |     5 |     9 |    29 |     9 ||    54
  Use: Scroll            |     2 |     5 |     5 |    10 |    13 ||    35
       Potion            |       |     4 |       |     4 |    11 ||    19
 Stab: Held in net/web   |       |       |       |     1 |       ||     1
       Petrified         |       |       |       |       |     8 ||     8
       Petrifying        |       |       |       |       |     3 ||     3
Armor: Ring mail         |    28 |       |       |       |       ||    28
       Animal skin       |     2 |       |       |       |       ||     2
       Chain mail        |    16 |    65 |       |       |       ||    81
       Plate armour      |       |    79 |   245 |   311 |   616 ||  1251
Dodge: Dodged            |    60 |    99 |   108 |   154 |   313 ||   734
Block: Kite shield       |       |       |   178 |   285 |   878 ||  1341
